 Dungeon Crawl Stone Soup version 0.28.0-43-g3370ac3207 (webtiles) character file.

Game seed: 16053238756767460713

74 jimonade the Thaumaturge (level 4, -12/32 HPs)
             Began as a Gnoll Wanderer on Mar 13, 2022.
             Mangled by an ogre
             ... wielding a +0 giant club
              (19 damage)
             ... on level 3 of the Dungeon.
             The game lasted 00:05:25 (2679 turns).

jimonade the Thaumaturge (Gnoll Wanderer)           Turns: 2679, Time: 00:05:25

Health: -12/32     AC:  7    Str: 12    XL:     4   Next: 30%
Magic:  15/15      EV: 10    Int: 15    God:
Gold:   81         SH:  0    Dex:  9    Spells: 20/21 levels left

rFire   + . .      SeeInvis .   a - +0 club
rCold   . . .      Faith    .   (no shield)
rNeg    . . .      Spirit   .   e - +1 ring mail {rF+}
rPois   .          Reflect  .   (no helmet)
rElec   .          Harm     .   (no cloak)
rCorr   .          Rampage  .   (no gloves)
Will    .....                   (no boots)
Stlth   +.........              (no amulet)
HPRegen 0.10/turn               (no ring)
MPRegen 0.14/turn               (no ring)

@: no status effects
A: fangs 1, strong nose, distributed training
a: no special abilities


You were on level 3 of the Dungeon.
You visited 1 branch of the dungeon, and saw 3 of its levels.

You collected 81 gold pieces.

Inventory:

Hand Weapons
 a - a +0 club (weapon)
Missiles
 j - 41 stones
 n - 35 arrows
Armour
 e - a +1 ring mail of fire resistance (worn)
Jewellery
 m - a ring of ice
Wands
 b - a wand of flame (18)
Scrolls
 d - a scroll of fear {unknown}
 f - a scroll of teleportation {unknown}
 i - 2 scrolls of identify {unknown}
 l - a scroll of amnesia {unknown}
Potions
 c - 2 potions of curing {unknown}
 g - 2 potions of attraction {unknown}
 h - a potion of degeneration {unknown}
 k - a potion of heal wounds {unknown}


   Skills:
 + Level 1.1 Fighting
 + Level 1.1 Short Blades
 + Level 1.1 Long Blades
 + Level 1.1 Axes
 + Level 1.1 Maces & Flails
 + Level 1.1 Polearms
 + Level 1.1 Staves
 + Level 1.1 Slings
 + Level 1.1 Bows
 + Level 1.1 Crossbows
 + Level 1.1 Throwing
 + Level 4.6 Armour
 + Level 1.1 Dodging
 + Level 1.1 Stealth
 + Level 1.1 Shields
 + Level 1.1 Unarmed Combat
 + Level 9.3 Spellcasting
 + Level 0.8 Conjurations
 + Level 0.8 Hexes
 + Level 0.8 Summonings
 + Level 0.8 Necromancy
 + Level 0.8 Translocations
 + Level 0.8 Transmutations
 + Level 0.8 Fire Magic
 + Level 0.8 Ice Magic
 + Level 5.4 Air Magic
 + Level 0.8 Earth Magic
 + Level 0.8 Poison Magic
 + Level 2.8 Invocations
 + Level 1.1 Evocations


You had 20 spell levels left.
You knew the following spells:

 Your Spells              Type           Power      Damage    Failure   Level
a - Shock                 Conj/Air       64%        1d7       6%          1

Your spell library contained the following spells:

 Spells                   Type           Power      Damage    Failure   Level
 Poisonous Vapours        Pois/Air       32%        N/A       9%          2
 Static Discharge         Conj/Air       16%        N/A       9%          2
 Mephitic Cloud           Conj/Pois/Air  14%        N/A       24%         3
 Airstrike                Air            11%        N/A       24%         4
 Gell's Gravitas          Tloc           9%         N/A       43%         3
 Lesser Beckoning         Tloc           9%         N/A       43%         3
 Teleport Other           Tloc           9%         N/A       43%         3


Dungeon Overview and Level Annotations

Branches:
Dungeon (3/15)

Altars:

Shops:
D:1 !


Innate Abilities, Weirdness & Mutations

You have very sharp teeth.
Your uncanny sense of smell can sniff out nearby items.
Your experience applies equally to all skills.


Message History

Found a ring mail.
j - 41 stones (gained 19)
You see here a +0 ring mail.
Found a stone staircase leading down.
There is a stone staircase leading down here.
k - a smoky blue potion You now have 81 gold pieces (gained 12).
i - 2 scrolls labelled QYEQUATAGO (gained 1)
An ogre comes into view. It is wielding a +0 giant club.
You miscast Shock.
You are very lightly contaminated with residual magic.
Nothing appears to happen.
The zap hits the ogre!
The ogre is moderately wounded.
The zap hits the ogre!
The ogre is heavily wounded.
Your magical contamination has completely faded away.
The ogre misses you.
You hit the ogre but do no damage.
The ogre is heavily wounded.
The ogre hits you with a +0 giant club!!
Ouch! That really hurt!
* * * LOW HITPOINT WARNING * * *
You hit the ogre.
The ogre is severely wounded.
You barely miss the ogre.
The ogre is severely wounded.
The ogre barely misses you.
Unknown command.
You hit the ogre.
The ogre is severely wounded.
The ogre barely misses you.
You barely miss the ogre.
The ogre is severely wounded.
The ogre barely misses you.
You hit the ogre. You bite the ogre.
The ogre is almost dead.
The ogre hits you with a +0 giant club!!
Ouch! That really hurt!
You die...

############
#......O@..#
#.########.#
#.# #.#
#.########.#
∆
#.##.....#.##
... #....#
.#. #.#.## .
.#.###.#.#
##.....#.#


You could see an ogre.

Vanquished Creatures
  2 adders (D:2)
  A worm (D:2)
  2 dart slugs (D:1)
  3 orcs (D:3)
  8 endoplasms
  A giant cockroach (D:2)
  4 goblins
  A hobgoblin (D:2)
  2 jackals (D:1)
  A quokka (D:1)
  6 ball pythons
  4 frilled lizards
  4 kobolds
  8 rats
47 creatures vanquished.

Notes
Turn   | Place    | Note
-------+----------+-------------------------------------------
     0 | D:1      | Reached skill level 9 in Spellcasting
     0 | D:1      | jimonade the Gnoll Wanderer began the quest for the Orb.
     0 | D:1      | jimonade set off with the following items: a +0 club, a +0
                  | scale mail; and the following spell memorised: Shock; and
                  | the following spells available to memorise: Poisonous
                  | Vapours, Static Discharge, Airstrike, Mephitic Cloud
     0 | D:1      | Reached XP level 1. HP: 13/13 MP: 10/10
   202 | D:1      | Reached XP level 2. HP: 19/19 MP: 10/12
   446 | D:1      | Found Pifiejuu's Distillery.
  1196 | D:2      | Reached XP level 3. HP: 25/25 MP: 11/13
  1757 | D:2      | Reached skill level 1 in Fighting
  1757 | D:2      | Reached skill level 1 in Short Blades
  1757 | D:2      | Reached skill level 1 in Long Blades
  1757 | D:2      | Reached skill level 1 in Axes
  1757 | D:2      | Reached skill level 1 in Maces & Flails
  1757 | D:2      | Reached skill level 1 in Polearms
  1757 | D:2      | Reached skill level 1 in Staves
  1757 | D:2      | Reached skill level 1 in Slings
  1757 | D:2      | Reached skill level 1 in Bows
  1757 | D:2      | Reached skill level 1 in Crossbows
  1757 | D:2      | Reached skill level 1 in Throwing
  1757 | D:2      | Reached skill level 1 in Dodging
  1757 | D:2      | Reached skill level 1 in Stealth
  1757 | D:2      | Reached skill level 1 in Shields
  1757 | D:2      | Reached skill level 1 in Unarmed Combat
  1757 | D:2      | Reached skill level 1 in Evocations
  1833 | D:2      | Reached XP level 4. HP: 32/32 MP: 12/15
  1906 | D:2      | Found a faded altar of an unknown god.
  2664 | D:3      | Noticed an ogre
  2679 | D:3      | Mangled by an ogre

Illustrated notes

Levels and vault maps discovered:
D:1:      ncdulo_smallfort, layout_loops_ring, serial_shops, shop
D:2:      layout_basic, hellmonk_ecumenical_altar_inner_sanctum
D:3:      layout_loops_ring, nicolae_ru_great_annihilating_truth, serial_shops,
          nicolae_shop_hallway_stairs

Skill      XL: |  1  2  3 |
---------------+----------+-----
Spellcasting   | |  9.3
Fighting       | 1 |  1.1
Short Blades   | 1 |  1.1
Long Blades    | 1 |  1.1
Axes           | 1 |  1.1
Maces & Flails | 1 |  1.1
Polearms       | 1 |  1.1
Staves         | 1 |  1.1
Slings         | 1 |  1.1
Bows           | 1 |  1.1
Crossbows      | 1 |  1.1
Throwing       | 1 |  1.1
Dodging        | 1 |  1.1
Stealth        | 1 |  1.1
Shields        | 1 |  1.1
Unarmed Combat | 1 |  1.1
Evocations     | 1 |  1.1
Armour         | |  4.6
Conjurations   | |  0.8
Hexes          | |  0.8
Summonings     | |  0.8
Necromancy     | |  0.8
Translocations | |  0.8
Transmutations | |  0.8
Fire Magic     | |  0.8
Ice Magic      | |  0.8
Air Magic      | |  5.4
Earth Magic    | |  0.8
Poison Magic   | |  0.8
Invocations    | |  2.8

Action                   |  1- 3 |  4- 6 || total
-------------------------+-------+-------++-------
Melee: Club              |    19 |     9 ||    28
       Bite              |     1 |     2 ||     3
       Punch             |     1 |       ||     1
 Cast: Shock             |    61 |    31 ||    92
Armor: Ring mail         |    12 |     1 ||    13
Dodge: Dodged            |    15 |     7 ||    22
